 Dungeon Crawl Stone Soup version 0.20.1-1-g8b1a95d (webtiles) character file.

149 zultag the Skirmisher (level 5, 0/42 HPs)
             Began as a Demonspawn Abyssal Knight on Sept 18, 2017.
             Was a Follower of Lugonu.
             Succumbed to a kobold's poison
             ... on level 3 of the Dungeon.
             The game lasted 00:30:34 (2357 turns).

zultag the Skirmisher (Demonspawn Abyssal Knight)   Turns: 2357, Time: 00:30:35

Health: 0/42       AC: 11    Str: 14    XL:     5   Next: 9%
Magic:  7/7        EV:  4    Int: 13    God:    Lugonu [*.....]
Gold:   123        SH:  0    Dex: 12    Spells: 4/4 levels left

rFire    + . .     SeeInvis .   s - +1 flail (crush)
rCold    . . .     Gourm    .   (no shield)
rNeg     . . .     Faith    .   l - +0 plate armour
rPois    .         Spirit   +   (no helmet)
rElec    .         Reflect  .   (no cloak)
rCorr    .         Harm     .   m - +0 pair of gloves
MR       .....                  (no boots)
Stlth    ..........             (no amulet)
Regen    0.2/turn               r - ring of flight
MPRegen  0.2/turn               (no ring)

@: lethally poisoned (0 -> -8), drained
A: fire resistance 1, magic shield, magic regeneration
a: Depart the Abyss, Renounce Religion, Evoke Flight


You were on level 3 of the Dungeon.
You worshipped Lugonu.
Lugonu was aware of your devotion.
You were full.

You visited 1 branch of the dungeon, and saw 3 of its levels.
You visited the Abyss 1 time.

You collected 123 gold pieces.

Inventory:

Hand Weapons
 a - a +1 hand axe
 e - a +2 mace of protection
 q - a +0 hunting sling
 s - a +1 flail of crushing (weapon)
 u - a +3 long sword
Missiles
 n - 36 arrows
Armour
 b - a +0 leather armour
 i - a +0 leather armour
 l - a +0 plate armour (worn)
 m - a +0 pair of gloves (worn)
Jewellery
 r - a ring of flight (left hand)
Scrolls
 d - 2 scrolls of remove curse
Potions
 h - a potion of agility
 o - a potion of invisibility


   Skills:
 + Level 4.1(3.4) Fighting
 + Level 2.0(1.8) Axes
 + Level 2.2(1.9) Maces & Flails
 + Level 2.6(1.9) Armour
 + Level 1.1(0.5) Dodging
 + Level 3.0(2.4) Invocations


You had 4 spell levels left.
You didn't know any spells.

Dungeon Overview and Level Annotations

Branches:
Dungeon (3/15)

Altars:

Annotations:
D:3 Crazy Yiuf


Innate Abilities, Weirdness & Mutations

Your flesh is heat resistant. (rF+)
When hurt, damage is shared between your health and your magic reserves.
You regenerate magic rapidly.


Message History

You aren't in the Abyss!
As you read the scroll labeled ZUMUNGIMUN, it crumbles to dust.
It is a scroll of recharging.
You aren't carrying any rechargeable items.
* * * LOW HITPOINT WARNING * * *
You feel sick.
As you read the scroll labeled IXKIV NESCHAB, it crumbles to dust.
It is a scroll of amnesia.
You feel forgetful for a moment.
* * * LOW HITPOINT WARNING * * *
You feel sick.
As you read the scroll labeled QUONUK VINNUZEE, it crumbles to dust.
It is a scroll of enchant weapon.
Your +0 flail of crushing glows red for a moment.
* * * LOW HITPOINT WARNING * * *
You feel sick.
* * * LOW HITPOINT WARNING * * *
You feel sick.
You see here a poisoned needle.
You die...

### #.# #.# #.#
#.# #.# #(# #.#
#######(#######
........<(@...#
#######)#####.#
#<# #.# #.# #.#
#.# #.#


There were no monsters in sight!

Vanquished Creatures
  An orc wizard (D:3)
  A worker ant (D:3)
  2 adders
  A gnoll (D:1)
  2 oozes
  A worm (D:3)
  2 dart slugs
  4 leopard geckos
  4 orcs (D:3)
  2 giant cockroaches
  4 goblins
  7 hobgoblins
  4 jackals (D:1)
  2 ball pythons
  4 bats
  2 frilled lizards (D:2)
  4 kobolds
  4 rats
  A bush (D:1)
52 creatures vanquished.

Notes
Turn   | Place    | Note
-------+----------+-------------------------------------------
     0 | Abyss:1  | zultag the Demonspawn Abyssal Knight began the quest for the Orb.
     0 | Abyss:1  | Reached XP level 1. HP: 18/18 MP: 2/2
     0 | D:1      | Escaped the Abyss
   285 | D:1      | Gained mutation: When hurt, damage is shared between your health and your magic reserves. [demonic ancestry]
   285 | D:1      | Reached XP level 2. HP: 24/24 MP: 3/3
   685 | D:1      | Reached skill level 1 in Dodging
   700 | D:1      | Gained mutation: Your flesh is heat resistant. (rF+) [demonic ancestry]
   700 | D:1      | Reached XP level 3. HP: 24/29 MP: 5/5
   945 | D:1      | Reached skill level 1 in Maces & Flails
  1061 | D:2      | Reached * piety under Lugonu
  1274 | D:2      | Found a faded altar of an unknown god.
  1549 | D:2      | Gained mutation: You regenerate magic rapidly. [demonic ancestry]
  1549 | D:2      | Reached XP level 4. HP: 25/37 MP: 4/6
  2144 | D:3      | Reached skill level 4 in Fighting
  2219 | D:3      | Reached XP level 5. HP: 39/42 MP: 5/7
  2243 | D:3      | Found a runed door.
  2247 | D:3      | Noticed Crazy Yiuf
  2354 | D:3      | HP: 2/42 [poisoned by a kobold]
  2357 | D:3      | Succumbed to a kobold's poison

Skill      XL: |  1  2  3  4 |
---------------+-------------+-----
Invocations    | 3 |  3.0
Dodging        | 1 |  1.1
Axes           | 2 |  2.0
Armour         | 2 |  2.6
Maces & Flails | 1 2 |  2.2
Fighting       | 4 |  4.1

Action                   |  1- 3 |  4- 6 || total
-------------------------+-------+-------++-------
Melee: Mace              |   181 |    14 ||   195
       Flail             |       |    68 ||    68
Invok: Depart the Abyss  |     1 |       ||     1
  Use: Scroll            |     3 |     5 ||     8
       Potion            |       |     5 ||     5
  Eat: Bread ration      |     1 |     1 ||     2
       Royal jelly       |       |     1 ||     1
Armor: Leather armour    |     7 |       ||     7
       Plate armour      |    98 |    69 ||   167
Dodge: Dodged            |    33 |    16 ||    49
